 Dungeon Crawl Stone Soup version 0.16-a0-3708-g05dc7d7 (webtiles) character file.

126 kroki the Sneak (level 4, 21/21 HPs)
             Began as a Felid Berserker on Jan 15, 2015.
             Was a Priest of Trog.
             Quit the game on level 3 of the Dungeon on Jan 19, 2015.
             The game lasted 00:04:04 (3206 turns).

kroki the Sneak (Felid Berserker)                   Turns: 3206, Time: 00:04:04

Health: 21/21      AC:  3    Str: 13    XL:     4   Next: 84%
Magic:  7/7        EV: 19    Int:  8    God:    Trog [***...]
Gold:   62         SH:  0    Dex: 16    Spells: 0 memorised, 3 levels left
                                        Lives:  1   Deaths: 0

rFire  . . .     SeeInvis +       - Unarmed
rCold  . . .     Clarity  .     (armour unavailable)
rNeg   . . .     SustAb   .     (shield unavailable)
rPois  .         Gourm    .     (helmet unavailable)
rElec  .         Spirit   .     (cloak unavailable)
rCorr  .         Warding  .     (gloves unavailable)
rMut   .         Stasis   .     (boots unavailable)
MR     .....                    (no amulet)
Stlth  ++++......               (no ring)
                                i - +2 ring of protection

@: quick, not resistant to hostile enchantments, stealthy
A: paw claws, no armour, no weapons or thrown items, fangs 3, see invisible,
carnivore 3, speed 1, shaggy fur 1, slow metabolism 1
a: Burn Spellbooks, Berserk, Trog's Hand, Renounce Religion


You were on level 3 of the Dungeon.
You worshipped Trog.
Trog was most pleased with you.
You were not hungry.

You visited 1 branch of the dungeon, and saw 3 of its levels.

You collected 62 gold pieces.

Inventory:

Jewellery
 i - a +2 ring of protection (left paw)
   (You found it on level 2 of the Dungeon)
Magical devices
 g - a wand of frost (43)
   (You found it on level 2 of the Dungeon)
Scrolls
 a - 2 scrolls of remove curse
 e - 3 scrolls of enchant weapon {unknown}
 f - a scroll of identify
 j - a scroll of amnesia {unknown}
Potions
 b - a potion of haste {unknown}
 d - 2 potions of curing {unknown}
 h - a potion of restore abilities {unknown}
 k - a potion of heal wounds {unknown}
 l - a potion of berserk rage {unknown}
Comestibles
 c - a meat ration


   Skills:
 - Level 3.0 Fighting
 - Level 4.1 Dodging
 + Level 6.2 Stealth
 - Level 3.3 Unarmed Combat


You had 3 spell levels left.
You didn't know any spells.


Innate Abilities, Weirdness & Mutations

You cannot wear armour.
You are incapable of wielding weapons or throwing items.
Your paws have sharp claws.
You have razor-sharp teeth.
You have supernaturally acute eyesight.
You are carnivorous and can eat meat at any time.
You cover ground quickly.
You are covered in fur (AC +1).
You have a slow metabolism.

Dungeon Overview and Level Annotations

Branches:
Dungeon (3/15)

Altars:
Makhleb
Zin
The Shining One

##....#.# #.##.#.######
#.##.#.##....
#.##......#.#
#.####.#....#
#.####.#.####
#..)....<....
#############......######
..!.)..(@...............#
#############.#######....
#.# ##### ... # ...##
..... ...### ##


There were no monsters in sight!


Message History

Found a glowing coppery potion.
The helpless kobold fails to defend itself.
You mangle the kobold!!
You kill the kobold!
Trog accepts your kill.
No target in view!
No target in view!
No target in view!
No target in view!
No target in view!
No target in view!
No target in view!
No target in view!
No target in view!
No target in view!
No target in view!
No target in view!
No target in view!
No target in view!
No target in view!
No target in view!
No target in view!
No target in view!
No target in view!
No target in view!
Welcome back, kroki the Felid Berserker.
Trog says: Kill them all!
Are you sure you want to abandon this character and quit the game? (Confirm with "yes".)
Okay, then.
Are you sure you want to abandon this character and quit the game? (Confirm with "yes".)

Notes
Turn   | Place    | Note
--------------------------------------------------------------
     0 | D:1      | kroki, the Felid Berserker, began the quest for the Orb.
     0 | D:1      | Reached XP level 1. HP: 10/10 MP: 2/2
    89 | D:1      | Reached skill level 1 in Stealth
   470 | D:1      | Reached XP level 2. HP: 12/14 MP: 3/3
   861 | D:1      | Acquired Trog's second power
  1075 | D:2      | Reached skill level 3 in Stealth
  1222 | D:2      | Found a burning altar of Makhleb.
  1222 | D:2      | Noticed a balrug
  1227 | D:2      | Found a glowing silver altar of Zin.
  1227 | D:2      | Noticed an angel
  1255 | D:2      | Reached XP level 3. HP: 11/17 MP: 5/5
  1573 | D:2      | Found a glowing golden altar of the Shining One.
  2783 | D:3      | Reached skill level 5 in Stealth
  2783 | D:3      | Reached XP level 4. HP: 21/21 MP: 7/7
  2953 | D:3      | Reached skill level 6 in Stealth
  3206 | D:3      | Upgraded the game from 0.16-a0-3638-g6091178 to 0.16-a0-3708-g05dc7d7
  3206 | D:3      | Quit the game

Vanquished Creatures
  3 gnolls (D:3)
  An adder (D:3)
  4 worms (D:2)
  8 bats
  3 giant cockroaches (D:2)
  7 hobgoblins
  5 jackals
  2 oozes
  3 giant geckos
  6 giant newts
  7 goblins
  6 kobolds
  6 rats
61 creatures vanquished.

Action                   |  1- 3 |  4- 6 || total
-------------------------+-------+-------++-------
Melee: Unarmed           |    89 |    34 ||   123
Invok: Berserk           |     7 |     2 ||     9
  Use: Scroll            |     4 |       ||     4
 Stab: Sleeping          |    11 |     4 ||    15
  Eat: Chunk             |     9 |     5 ||    14
       Pizza             |     1 |       ||     1

Vault maps used:
D:1:      saegor_arrival_simple_d, minmay_misc_feat_encased, serial_bayou_pond_e
D:2:      lemuel_coloured_pillars_altar, grunt_temple_overflow_order_and_chaos_2
D:3:      trog_book
